Map: Complesso Moebius XX-1

Players

mtr

  • Race: Zerg Zerg

AwA

  • Race: Terran Terran

PaxxStar

  • Race: Terran Terran

Kerazin

  • Race: Protoss Protoss

Jhyrachy - Winner!

  • Race: Zerg Zerg
  • League: Gold

LowerThrust - Winner!

  • Race: Zerg Zerg

LEGIER - Winner!

  • Race: Zerg Zerg
  • League: Silver

cbx - Winner!

  • Race: Protoss Protoss
  • League: Gold

VOD

Have the link to the VOD?

Description

Time

  • Played on: May 16, 2016, 6:51 p.m.
  • Length: 16:03
Show
View Real Time Build Order
Export as new Build Order

mtr Zerg 

Build Orders: Hatch First 

Get SALT Encoding   

  12  0:01  Drone  
  13  0:09  Drone  
  14  0:17  Overlord  
  14  0:25  Extractor  
  14  0:26  Drone  
  16  0:35  Drone x2  
  17  0:45  Drone  
  18  0:58  Hatchery  
  18  1:02  Drone  
  18  1:10  Drone  
  19  1:14  Extractor  
  19  1:18  Spawning Pool  
  17  1:20  Drone  
  18  1:28  Drone  
  19  1:38  Overlord  
  19  1:49  Drone  
  20  2:05  Queen  
  22  2:09  Queen  
  22  2:10  Drone  
  22  2:14  Zergling x2  
  26  2:16  Zergling x2  
  26  2:19  Metabolic Boost  
  27  2:27  Drone x2  
  29  2:42  Drone x3  
  32  2:49  Extractor  
  31  2:51  Roach Warren  
  31  2:55  Drone x3  
  33  3:03  Extractor  
  32  3:06  Drone x2  
  34  3:13  Overlord  
  34  3:15  Overlord  
  34  3:23  Drone x2  
  36  3:32  Evolution Chamber  
  35  3:45  Zergling x2  
  35  3:46  Zergling x10  
  41  3:59  Overlord x2  
  41  4:00  Drone x3  
  44  4:11  Drone x2  
  44  4:13  Lair  
  46  4:19  Zerg Ground Armor Level 1, Evolution Chamber  
  46  4:22  Drone x4  
  45  4:48  Baneling Nest  
  45  4:52  Zerg Missile Weapons Level 1  
  44  4:54  Hatchery  
  44  4:55  Overlord x2  
  44  4:58  Roach x4  
  50  5:09  Zergling x10  
  55  5:31  Roach x3  
  61  5:36  Baneling x5  
  61  5:37  Baneling x2  
  61  5:38  Drone  
  61  5:39  Drone x5  
  67  5:49  Glial Reconstitution  
  67  5:51  Burrow  
  67  6:01  Centrifical Hooks  
  67  6:07  Roach x3  
  67  6:11  Overlord  
  73  6:13  Zerg Melee Weapons Level 1  
  73  6:14  Drone  
  73  6:15  Drone x2  
  76  6:20  Queen  
  76  6:22  Drone x2  
  80  6:44  Spore Crawler  
  80  6:45  Spore Crawler  
  80  6:46  Spore Crawler  
  77  6:47  Drone x2  
  77  6:48  Drone x4  
  77  6:51  Overlord x3  
  83  7:10  Zerg Ground Armor Level 2  
  83  7:15  Tunneling Claws, Hydralisk Den  
  83  7:17  Pneumatized Carapace  
  83  7:21  Roach x5  
  92  7:32  Extractor  
  92  7:34  Drone x3, Extractor  
  92  7:35  Drone x3  
  96  7:37  Queen  
  96  7:39  Zergling x4  
  96  7:40  Zergling x2  
  101  7:45  Muscular Augments  
  101  7:49  Extractor  
  101  7:50  Drone x3  
  102  8:06  Overlord x2  
  102  8:07  Overlord  
  102  8:11  Spire  
  101  8:15  Zerg Missile Weapons Level 2  
  101  8:23  Infestation Pit  
  100  8:39  Roach  
  100  8:40  Roach x9  
  100  8:41  Roach  
  122  8:42  Overlord x2  
  122  9:03  Hatchery  
  122  9:09  Lurker Den  
  121  9:17  Hydralisk x5  
  121  9:18  Hydralisk x4  
  139  9:31  Hive  
  139  9:32  Zerg Melee Weapons Level 2  
  139  9:44  Overlord  
  139  9:45  Overlord x2  
  139  9:48  Overseer  
  139  9:52  Overseer x2  
  139  9:57  Extractor  
  139  9:59  Extractor  
  124  10:22  Hydralisk  
  124  10:23  Hydralisk x3  
  124  10:24  Hydralisk x4  
  124  10:54  Hydralisk x7  
  124  10:55  Hydralisk x4  
  125  11:32  Hydralisk x5  
  127  11:36  Roach x5  
  87  12:01  Queen  
  79  12:20  Overseer  
  79  12:21  Overseer x2  
  79  12:56  Hydralisk x2  
  79  12:57  Hydralisk x5  
  84  13:10  Hydralisk  
  66  13:37  Corruptor x2  
Show
View Real Time Build Order
Export as new Build Order

AwA Terran 

Build Orders:  

Get SALT Encoding   

  12  0:01  SCV  
  13  0:14  Supply Depot  
  13  0:18  SCV  
  14  0:37  Barracks  
  14  0:39  SCV  
  15  0:43  Refinery  
  15  0:51  SCV  
  16  1:10  Supply Depot  
  16  1:12  SCV  
  17  1:24  Orbital Command  
  17  1:31  Barracks  
  17  1:34  Marine  
  18  1:41  Bunker  
  18  1:55  SCV, Barracks  
  19  2:02  Marine  
  20  2:20  Supply Depot  
  20  2:23  Marine x2  
  20  2:26  SCV  
  23  2:32  Factory  
  23  2:38  SCV  
  23  2:43  Barracks Tech Lab  
  24  2:44  Marine  
  24  2:45  Marine  
  26  2:57  SCV, Supply Depot  
  27  3:04  Stimpack  
  27  3:05  Marine  
  27  3:06  Marine  
  27  3:09  SCV  
  30  3:16  Marine  
  31  3:26  Factory Tech Lab  
  31  3:33  Starport  
  30  3:56  Marine  
  30  3:57  Marine x2  
  33  4:12  Starport Reactor  
  33  4:15  SCV  
  34  4:20  Refinery  
  34  4:23  Marine x3  
  37  4:27  SCV  
  38  4:39  SCV  
  38  4:43  Marine x2  
  38  4:44  Marine  
  42  4:51  SCV  
  43  5:02  Siege Tank  
  43  5:03  Command Center, SCV  
  43  5:05  Barracks Reactor  
  47  5:14  Barracks Reactor  
  47  5:43  Engineering Bay  
  47  5:45  Engineering Bay  
  47  5:59  Supply Depot  
  47  6:00  Supply Depot  
  47  6:08  Armory  
  47  6:14  Marine x5, SCV, Medivac  
  47  6:18  SCV  
  56  6:26  SCV  
  56  6:28  Terran Infantry Weapons Level 1  
  56  6:29  Terran Infantry Armor Level 1  
  56  6:30  SCV  
  56  6:32  Marine x2  
  60  6:38  SCV  
  61  6:41  Missile Turret x2  
  61  6:42  Marine x3, SCV  
  65  6:48  Siege Tank  
  65  6:50  SCV  
  70  6:54  SCV  
  70  7:03  SCV  
  70  7:06  SCV  
  72  7:14  Refinery  
  72  7:15  SCV  
  73  7:17  Refinery  
  73  7:18  SCV  
  73  7:21  Marine x4  
  78  7:33  Supply Depot  
  78  7:34  Supply Depot  
  78  7:39  Supply Depot  
  78  7:54  Marine x5, SCV  
  84  8:00  Medivac x2  
  88  8:05  Supply Depot  
  88  8:06  SCV  
  88  8:07  Terran Vehicle Weapons Level 1  
  89  8:18  SCV  
  90  8:23  Siege Tank  
  90  8:24  Marine x5  
  90  8:26  Terran Infantry Weapons Level 2  
  98  8:31  SCV  
  99  8:43  SCV  
  99  8:48  Marine x4  
  103  8:51  Marauder  
  106  8:56  SCV  
  107  9:08  SCV  
  108  9:24  Marine x2  
  110  9:39  Missile Turret  
  110  9:40  Missile Turret  
  110  9:42  Missile Turret  
  110  9:50  Supply Depot  
  110  9:52  Supply Depot x2  
  110  10:01  Barracks  
  110  10:02  Supply Depot, Barracks  
  110  10:03  Barracks  
  110  10:07  Marine x4  
  110  10:14  Siege Tank  
  117  10:26  Supply Depot  
  75  11:05  Marine x5  
  80  11:18  Medivac x2  
  84  11:23  Marine  
  85  11:33  Barracks Reactor  
  85  11:34  Barracks Reactor  
  85  11:35  Barracks Reactor  
  85  11:39  Marine x2  
  86  11:40  Marine x3  
  86  11:41  Terran Infantry Armor Level 2, Terran Infantry Weapons Level 3  
  90  11:57  Marine x3  
  93  12:01  Marine  
  93  12:02  Marine  
  95  12:13  Marine  
  95  12:14  Marine x4  
  95  12:15  Marine x3  
  102  12:16  Marine  
  102  12:19  Siege Tank, Marine  
  108  12:23  Medivac x2  
  66  13:32  Marine x2  
  66  13:33  Marine x8  
  66  13:34  Marine  
  71  14:07  Marine  
  71  14:08  Marine x6  
  58  14:25  Marine x2  
  58  14:26  Marine  
Show
View Real Time Build Order
Export as new Build Order

PaxxStar Terran 

Build Orders:  

Get SALT Encoding   

  12  0:02  SCV  
  13  0:14  Supply Depot  
  13  0:28  SCV  
  14  0:39  Barracks  
  14  0:45  Refinery  
  14  0:57  SCV  
  15  1:09  SCV  
  16  1:21  SCV  
  17  1:33  Bunker, Marine  
  18  1:46  Refinery  
  18  1:47  SCV  
  18  1:51  Marine  
  20  1:59  SCV  
  21  2:07  Factory  
  21  2:09  Marine  
  21  2:11  SCV  
  23  2:20  Bunker  
  23  2:50  Supply Depot  
  23  3:07  Supply Depot  
  23  3:12  Marine, Supply Depot, SCV  
  25  3:24  SCV  
  26  3:29  Marine  
  26  3:33  Barracks  
  27  3:36  SCV  
  28  3:47  Marine  
  29  4:05  Marine  
  30  4:18  Factory Tech Lab  
  30  4:23  Marine  
  31  4:25  Starport  
  31  4:40  Barracks Tech Lab  
  31  4:50  Barracks Reactor  
  31  5:03  Marine  
  32  5:11  Medivac  
  34  5:20  Marine  
  35  5:26  Marine x2  
  37  5:31  Stimpack  
  37  5:38  Marine  
  37  5:41  Medivac  
  40  5:44  Marine x2  
  42  5:55  Command Center  
  42  5:56  Marine  
  43  6:02  Marine x2  
  45  6:11  Medivac  
  47  6:20  Supply Depot  
  47  6:22  Supply Depot  
  47  6:24  Supply Depot  
  47  6:26  Supply Depot  
  47  6:29  Supply Depot  
  47  6:41  Marine x3, Medivac  
  52  6:47  Engineering Bay  
  52  6:59  Marine x3  
  55  7:12  Starport Tech Lab  
  55  7:17  Marine x3  
  58  7:27  Armory  
  58  7:32  Terran Infantry Weapons Level 1  
  58  7:35  Marine  
  59  7:39  Marine x2  
  61  7:48  SCV  
  62  7:52  Marine  
  62  7:57  Marine x2  
  65  7:59  Orbital Command  
  65  8:00  SCV  
  66  8:10  Marine  
  68  8:12  SCV  
  68  8:14  Marine  
  68  8:15  Marine  
  70  8:22  Engineering Bay  
  70  8:24  SCV  
  71  8:28  Marine  
  71  8:32  Marine x2  
  76  8:34  Hellbat  
  76  8:46  Marine  
  79  8:55  Hellbat  
  79  9:06  Terran Infantry Armor Level 1  
  81  9:17  Hellbat  
  81  9:24  Marine x2  
  81  9:25  Marine  
  84  9:32  Terran Infantry Weapons Level 2  
  84  9:42  Marine x2  
  84  9:43  Marine  
  37  10:35  Marine x3  
  37  10:40  Hellbat  
  42  10:44  Medivac  
  44  10:53  Marine x3  
  47  11:01  Terran Infantry Armor Level 2, Hellbat  
  49  11:11  Marine x3  
  49  11:14  Medivac  
  53  11:23  Hellbat  
  55  11:29  Marine x3  
  58  11:44  Hellbat, Medivac  
  58  11:46  Marine x2  
  58  11:47  Marine  
  65  12:04  Marine x3  
  65  12:05  Hellbat  
  70  12:14  Medivac  
  72  12:22  Marine x2  
  74  12:42  Command Center  
  74  12:44  Medivac  
  76  13:14  Marine x3  
  79  13:32  Marine x3  
  82  13:50  Marine x3  
  39  14:23  SCV  
  40  14:35  SCV  
Show
View Real Time Build Order
Export as new Build Order

Kerazin Protoss 

Build Orders:  

Get SALT Encoding   

  12  0:11  Pylon  
  12  0:17  Assimilator  
  12  0:33  Gateway  
  12  0:36  Probe (Chrono Boost)  
  13  0:46  Probe (Chrono Boost)  
  15  0:57  Probe (Chrono Boost)  
  15  1:01  Pylon  
  15  1:09  Probe (Chrono Boost)  
  16  1:19  Probe (Chrono Boost)  
  16  1:22  Cybernetics Core  
  17  1:30  Probe (Chrono Boost)  
  18  1:45  Zealot  
  20  1:59  Warp Gate (Chrono Boost)  
  20  2:09  Nexus  
  20  2:22  Gateway  
  20  2:29  Pylon  
  20  2:36  Probe  
  21  2:40  Assimilator  
  21  2:45  Zealot  
  21  2:49  Probe  
  24  3:01  Probe  
  25  3:12  Twilight Council  
  25  3:13  Probe  
  25  3:15  Pylon  
  26  3:23  Probe  
  27  3:33  Probe  
  27  3:44  Probe, Zealot x2  
  31  3:54  Probe  
  30  4:03  Forge  
  30  4:05  Probe  
  31  4:11  Zealot  
  31  4:16  Probe  
  33  4:22  Charge (Chrono Boost)  
  34  4:26  Probe  
  34  4:27  Pylon  
  35  4:37  Probe  
  35  4:41  Pylon  
  36  4:47  Probe  
  37  4:58  Probe  
  38  5:00  Gateway  
  38  5:01  Gateway  
  38  5:04  Pylon  
  38  5:08  Zealot x2  
  42  5:19  Probe  
  43  5:26  Protoss Ground Armor Level 1 (Chrono Boost)  
  43  5:29  Probe  
  43  5:31  Photon Cannon  
  44  5:35  Photon Cannon  
  44  5:40  Probe  
  45  5:50  Probe  
  45  5:51  Zealot x2  
  45  5:56  Zealot  
  52  5:57  Zealot  
  52  6:01  Probe  
  55  6:09  Forge  
  55  6:11  Probe  
  55  6:12  Pylon  
  55  6:15  Assimilator, Pylon  
  56  6:18  Assimilator  
  56  6:20  Zealot  
  56  6:22  Probe  
  56  6:25  Zealot  
  61  6:28  Zealot  
  61  6:31  Zealot  
  65  6:57  Nexus  
  65  7:01  Pylon  
  65  7:05  Pylon  
  65  7:06  Probe  
  66  7:16  Probe  
  66  7:21  Photon Cannon  
  67  7:26  Photon Cannon  
  67  7:27  Probe  
  68  7:30  Photon Cannon  
  68  7:31  Zealot  
  68  7:32  Zealot x2  
  68  7:34  Zealot  
  76  7:37  Probe  
  77  7:45  Photon Cannon  
  77  7:48  Probe  
  77  7:51  Protoss Ground Weapons Level 1 (Chrono Boost)  
  78  7:54  Protoss Ground Armor Level 2 (Chrono Boost)  
  78  8:00  Probe  
  78  8:04  Zealot  
  78  8:05  Zealot  
  83  8:06  Zealot  
  83  8:09  Zealot  
  87  8:13  Probe  
  87  8:19  Probe  
  88  8:23  Assimilator  
  88  8:25  Assimilator  
  89  8:28  Zealot  
  89  8:29  Probe  
  89  8:30  Zealot  
  94  8:40  Probe  
  95  8:50  Probe, Photon Cannon, Zealot x3  
  95  8:52  Zealot  
  104  9:00  Pylon  
  104  9:01  Probe  
  105  9:03  Pylon  
  105  9:11  Probe  
  106  9:22  Probe  
  107  9:25  Pylon  
  107  9:28  Zealot  
  107  9:29  Zealot x3  
  115  9:41  Gateway x2  
  115  9:42  Protoss Ground Weapons Level 2 (Chrono Boost)  
  115  9:43  Gateway  
  115  9:45  Gateway  
  115  9:50  Probe  
  116  9:55  Protoss Shields Level 1 (Chrono Boost)  
  116  9:58  Zealot x3  
  122  10:00  Probe  
  122  10:02  Zealot  
  125  10:11  Probe  
  118  10:22  Probe  
  83  10:31  Zealot x4  
  83  10:32  Probe  
  66  10:41  Zealot x2  
  66  10:42  Zealot x2  
  70  10:55  Zealot x4  
  72  11:28  Zealot  
  72  11:29  Zealot x5  
  72  11:30  Zealot x2  
  72  11:40  Blink  
  72  11:47  Probe  
  73  11:57  Probe  
  73  12:00  Zealot  
  73  12:01  Zealot x7  
  90  12:09  Protoss Ground Weapons Level 3 (Chrono Boost)  
  90  12:10  Protoss Ground Armor Level 3 (Chrono Boost)  
  90  12:30  Gateway, Zealot  
  90  12:31  Zealot x6  
  90  12:32  Zealot  
  90  12:34  Gateway  
  90  12:35  Gateway  
  106  12:40  Gateway  
  106  12:42  Pylon  
  106  12:45  Pylon  
  72  13:12  Zealot x4  
  64  13:13  Zealot x4  
  36  13:42  Zealot  
  36  13:43  Zealot x7  
  36  13:44  Zealot x4  
  46  14:05  Zealot x3  
  46  14:06  Zealot x2  
  36  14:27  Zealot x4  
  36  14:28  Zealot x4  
  52  14:43  Pylon  
  52  14:45  Pylon  
  44  14:50  Zealot x3  
Show
View Real Time Build Order
Export as new Build Order

Jhyrachy Zerg - Winner!

Build Orders: Pool First 

Get SALT Encoding   

  12  0:02  Drone  
  13  0:10  Drone  
  14  0:20  Extractor  
  13  0:22  Extractor  
  13  0:23  Drone x2  
  15  0:41  Spawning Pool  
  14  0:47  Overlord  
  14  1:07  Drone x3  
  17  1:19  Drone  
  18  1:26  Evolution Chamber  
  18  1:28  Metabolic Boost  
  17  1:33  Queen  
  17  1:38  Drone  
  20  1:43  Overlord  
  20  1:50  Zergling x2  
  21  2:04  Zergling x2  
  22  2:13  Zergling x2  
  23  2:25  Zergling x2  
  24  2:37  Zerg Melee Weapons Level 1  
  24  2:43  Zergling x8  
  28  3:10  Hatchery  
  27  3:19  Drone x2  
  29  3:21  Drone  
  29  3:24  Overlord  
  29  3:26  Lair  
  30  3:28  Extractor  
  21  4:12  Drone x2  
  21  4:13  Drone  
  21  4:14  Drone x3  
  27  4:22  Overlord  
  27  4:31  Queen  
  29  4:42  Infestation Pit  
  29  4:45  Drone  
  29  4:46  Drone x6  
  29  4:49  Zerg Ground Armor Level 1  
  29  4:52  Queen  
  37  5:03  Extractor  
  36  5:12  Drone x5  
  36  5:13  Drone  
  42  5:21  Pneumatized Carapace  
  42  5:40  Hive  
  42  5:46  Evolution Chamber  
  41  5:50  Drone x3  
  41  5:51  Extractor  
  41  5:53  Drone x3  
  41  5:54  Drone x3  
  49  6:03  Hatchery  
  48  6:14  Zerg Melee Weapons Level 2  
  48  6:33  Queen  
  48  6:37  Spore Crawler  
  49  6:40  Spore Crawler  
  49  6:43  Zerg Ground Armor Level 2  
  49  6:46  Drone  
  49  6:48  Drone  
  49  6:49  Drone  
  49  6:50  Drone  
  52  6:54  Overlord x2  
  52  7:16  Ultralisk Cavern  
  51  7:29  Adrenal Glands  
  51  7:30  Nydus Network  
  51  7:34  Drone x5  
  51  7:35  Drone x8  
  63  7:49  Drone x3  
  66  7:52  Drone x3  
  66  7:53  Drone x2  
  66  7:54  Drone x2  
  66  7:57  Extractor  
  72  8:01  Extractor  
  71  8:25  Spore Crawler  
  70  8:34  Chitinous Plating  
  70  8:36  Zerg Melee Weapons Level 3  
  70  8:44  Nydus Canal  
  70  8:49  Overlord x4  
  70  8:50  Overlord x2  
  70  8:56  Overseer  
  70  9:06  Zerg Ground Armor Level 3  
  70  9:21  Ultralisk x3  
  70  9:22  Ultralisk  
  94  10:03  Ultralisk x4  
  94  10:05  Overlord  
  94  10:06  Overlord x3  
  118  10:10  Nydus Canal  
  118  10:43  Hatchery  
  111  11:04  Overseer  
  111  11:05  Overseer  
  111  11:24  Nydus Canal  
  111  11:33  Ultralisk  
  111  11:34  Ultralisk x5  
  141  12:06  Ultralisk x2  
  141  12:08  Zergling x2  
  154  12:09  Overlord x4  
  154  12:10  Overlord x5  
  154  12:20  Hatchery  
  153  12:44  Zergling x18  
  154  12:45  Zergling x40  
  182  13:03  Hatchery  
  169  13:12  Spore Crawler  
  134  15:09  Extractor  
  134  15:10  Extractor  
  132  15:23  Zergling x2  
  132  15:24  Zergling x28  
  132  15:25  Zergling x46  
  132  15:26  Zergling x2  
  195  15:45  Zergling x2  
  195  15:46  Zergling x2  
Show
View Real Time Build Order
Export as new Build Order

LowerThrust Zerg - Winner!

Build Orders: Pool First, Lurkers 

Get SALT Encoding   

  12  0:03  Drone  
  13  0:10  Drone  
  14  0:19  Overlord  
  14  0:28  Extractor  
  13  0:30  Drone  
  14  0:39  Drone x2  
  16  0:53  Drone  
  17  1:06  Spawning Pool  
  17  1:07  Drone  
  17  1:16  Drone  
  18  1:28  Drone  
  19  1:40  Drone x2  
  21  1:53  Overlord  
  21  2:11  Queen  
  21  2:12  Extractor  
  21  2:14  Hatchery, Zergling x4  
  23  2:24  Zergling x2  
  23  2:28  Metabolic Boost  
  24  2:41  Zergling x2  
  25  2:53  Lair  
  25  2:55  Drone  
  25  2:56  Drone  
  27  3:07  Drone  
  28  3:20  Drone  
  29  3:41  Zergling x6  
  29  3:42  Zergling x4  
  34  3:52  Queen  
  34  3:55  Overlord x2  
  36  4:03  Extractor  
  35  4:12  Drone  
  35  4:16  Overlord x2  
  35  4:17  Overlord  
  36  4:25  Spore Crawler  
  35  4:31  Hydralisk Den  
  34  4:40  Evolution Chamber  
  34  4:43  Drone x5, Evolution Chamber  
  34  4:44  Drone x2  
  39  4:51  Drone  
  40  5:05  Hydralisk x2  
  44  5:10  Lurker Den  
  44  5:13  Zerg Missile Weapons Level 1  
  44  5:14  Drone  
  44  5:19  Drone x2  
  47  5:26  Spore Crawler  
  46  5:29  Drone x2  
  48  5:36  Zerg Ground Armor Level 1  
  48  5:47  Hydralisk x2  
  52  5:51  Drone x2  
  54  6:17  Hydralisk x6  
  66  6:24  Extractor  
  65  6:36  Hydralisk  
  65  6:37  Hydralisk x3  
  73  6:42  Lurker  
  73  6:44  Lurker  
  75  6:53  Overlord x2  
  75  6:54  Overlord  
  75  7:12  Overlord x2  
  75  7:15  Hydralisk x3  
  75  7:16  Hydralisk  
  83  7:39  Zerg Missile Weapons Level 2  
  83  7:48  Muscular Augments  
  83  7:58  Lurker  
  84  8:03  Drone x6  
  84  8:04  Drone x6  
  96  8:21  Hatchery  
  95  8:50  Hydralisk x6  
  107  8:59  Zerg Ground Armor Level 2  
  107  9:29  Hydralisk x4  
  115  9:44  Hydralisk x3  
  121  9:55  Extractor  
  121  9:58  Extractor  
  119  10:03  Overlord x7  
  119  10:04  Overlord x2  
  58  10:39  Lurker x2  
  58  10:41  Hydralisk x7  
  58  10:42  Hydralisk x5  
  84  11:14  Lurker  
  84  11:15  Lurker  
  81  11:53  Infestation Pit  
  80  11:54  Hydralisk x2  
  80  11:55  Hydralisk x6  
  80  11:56  Hydralisk  
  80  12:00  Queen  
  100  12:02  Queen  
  102  12:36  Hydralisk x4  
  104  12:37  Hydralisk x5  
  70  13:30  Hydralisk  
  70  13:31  Hydralisk x6  
  70  13:32  Hydralisk x2  
  88  13:46  Hive  
Show
View Real Time Build Order
Export as new Build Order

LEGIER Zerg - Winner!

Build Orders: Pool First, Lurkers 

Get SALT Encoding   

  12  0:03  Drone  
  13  0:10  Drone  
  14  0:18  Overlord  
  14  0:26  Extractor  
  14  0:27  Drone  
  14  0:30  Extractor  
  14  0:31  Drone  
  14  0:38  Drone  
  15  0:54  Spawning Pool  
  15  0:56  Drone  
  15  1:01  Drone  
  16  1:09  Drone  
  17  1:19  Drone  
  18  1:45  Hatchery  
  17  1:50  Drone  
  17  1:53  Drone  
  19  2:02  Metabolic Boost  
  19  2:07  Drone  
  20  2:18  Overlord  
  20  2:35  Queen  
  22  2:40  Spore Crawler  
  22  2:44  Spore Crawler  
  20  2:47  Drone  
  20  2:48  Drone  
  20  2:51  Drone  
  23  3:00  Overlord  
  23  3:11  Overlord  
  23  3:21  Zergling x4  
  23  3:22  Zergling x2  
  23  3:23  Zergling x2  
  27  3:34  Queen  
  27  3:40  Zergling x2  
  31  3:41  Zergling x2  
  31  3:53  Zergling x6  
  33  4:06  Drone x4  
  33  4:09  Drone  
  38  4:22  Lair  
  36  4:30  Zergling x6  
  38  4:39  Zergling x4  
  38  4:40  Zergling x2  
  41  4:48  Spine Crawler  
  41  4:52  Spine Crawler  
  39  4:58  Zergling x6  
  39  4:59  Zergling x2  
  43  5:11  Zergling x8  
  47  5:43  Spire  
  47  5:46  Drone x5  
  51  5:54  Spore Crawler  
  51  5:57  Extractor, Pneumatized Carapace  
  49  5:58  Extractor  
  49  6:03  Overlord  
  48  6:04  Overlord  
  48  6:24  Hydralisk Den  
  47  6:35  Overlord x2  
  47  6:36  Overlord  
  47  6:46  Overseer  
  47  7:06  Hatchery  
  47  7:07  Drone x6  
  47  7:08  Drone  
  53  7:23  Lurker Den  
  53  7:43  Drone x2  
  53  7:44  Drone x5  
  60  7:57  Hydralisk  
  60  7:58  Hydralisk  
  64  8:01  Hydralisk  
  66  8:20  Evolution Chamber  
  66  8:25  Evolution Chamber  
  66  8:26  Overlord x3  
  64  8:32  Drone x2  
  66  8:39  Queen  
  68  8:50  Hydralisk  
  68  8:51  Hydralisk x2  
  74  9:17  Zerg Missile Weapons Level 1  
  74  9:18  Zerg Ground Armor Level 1  
  74  9:23  Lurker  
  74  9:24  Lurker x2  
  77  9:25  Lurker x2  
  77  9:28  Lurker  
  80  9:37  Hydralisk  
  80  9:38  Hydralisk x6  
  84  9:40  Hydralisk  
  96  9:48  Muscular Augments  
  54  10:32  Hydralisk x2  
  54  10:33  Hydralisk x6  
  54  10:34  Hydralisk x5  
  64  10:51  Spine Crawler x2  
  64  10:52  Spine Crawler  
  29  11:16  Hydralisk x3  
  19  11:48  Hatchery  
  18  12:17  Hatchery  
  11  13:31  Drone  
  12  13:38  Spawning Pool  
  11  13:50  Drone x3  
  14  14:19  Drone  
  14  14:20  Drone x2  
  17  14:26  Lair  
  17  15:14  Queen  
  17  15:15  Overlord x3  
  19  15:27  Extractor  
  18  15:30  Extractor  
Show
View Real Time Build Order
Export as new Build Order

cbx Protoss - Winner!

Build Orders: Nexus First 

Get SALT Encoding   

  12  0:02  Probe (Chrono Boost)  
  13  0:12  Probe (Chrono Boost)  
  14  0:20  Pylon  
  14  0:23  Probe (Chrono Boost)  
  15  0:38  Probe (Chrono Boost)  
  16  0:49  Probe (Chrono Boost)  
  17  1:03  Probe (Chrono Boost), Nexus  
  18  1:12  Pylon  
  18  1:15  Probe (Chrono Boost)  
  19  1:19  Assimilator  
  19  1:27  Probe (Chrono Boost)  
  19  1:31  Gateway  
  20  1:38  Assimilator, Probe (Chrono Boost)  
  21  1:48  Assimilator, Probe (Chrono Boost)  
  21  1:53  Assimilator  
  22  1:59  Probe (Chrono Boost)  
  23  2:04  Pylon  
  23  2:09  Probe (Chrono Boost)  
  24  2:17  Probe (Chrono Boost)  
  24  2:20  Probe (Chrono Boost)  
  26  2:26  Cybernetics Core  
  26  2:28  Probe (Chrono Boost)  
  27  2:30  Probe (Chrono Boost)  
  28  2:40  Probe (Chrono Boost)  
  28  2:41  Probe (Chrono Boost)  
  30  2:49  Forge  
  30  2:51  Probe (Chrono Boost)  
  31  2:52  Probe (Chrono Boost)  
  32  3:04  Mothership Core (Chrono Boost)  
  32  3:05  Probe (Chrono Boost)  
  35  3:25  Probe x2 (Chrono Boost)  
  37  3:27  Stargate  
  37  3:34  Pylon  
  37  3:36  Probe (Chrono Boost)  
  37  3:39  Protoss Air Weapons Level 1, Stargate  
  37  3:40  Probe (Chrono Boost)  
  39  3:46  Probe (Chrono Boost)  
  40  3:51  Nexus, Probe (Chrono Boost)  
  41  4:02  Assimilator, Probe x2 (Chrono Boost)  
  43  4:04  Assimilator  
  43  4:15  Pylon  
  43  4:17  Pylon  
  43  4:21  Void Ray  
  47  4:32  Void Ray  
  47  4:34  Probe x2 (Chrono Boost)  
  53  4:51  Probe x2 (Chrono Boost)  
  55  5:02  Probe (Chrono Boost)  
  55  5:06  Stargate  
  56  5:07  Pylon  
  56  5:12  Void Ray, Pylon  
  60  5:25  Probe x3 (Chrono Boost)  
  63  5:33  Protoss Air Armor Level 1  
  64  5:35  Probe (Chrono Boost)  
  64  5:36  Probe x2 (Chrono Boost)  
  66  5:46  Probe (Chrono Boost), Fleet Beacon  
  66  5:48  Probe x2 (Chrono Boost), Robotics Facility  
  69  5:50  Pylon  
  69  5:55  Void Ray  
  73  6:03  Void Ray  
  77  6:10  Probe x3 (Chrono Boost)  
  80  6:18  Void Ray  
  80  6:20  Pylon  
  84  6:30  Probe x2 (Chrono Boost)  
  84  6:31  Probe (Chrono Boost)  
  87  6:37  Observer  
  87  6:38  Void Ray  
  92  6:41  Probe (Chrono Boost)  
  93  6:48  Stargate  
  93  6:50  Stargate  
  93  6:54  Void Ray, Pylon  
  93  6:56  Stargate  
  97  7:01  Void Ray  
  97  7:06  Observer  
  102  7:15  Probe x3 (Chrono Boost)  
  105  7:21  Void Ray  
  109  7:26  Probe x2 (Chrono Boost)  
  109  7:29  Protoss Air Weapons Level 2 (Chrono Boost)  
  111  7:36  Void Ray  
  111  7:39  Cybernetics Core  
  111  7:41  Pylon  
  111  7:43  Pylon, Observer  
  116  7:53  Void Ray  
  116  7:54  Void Ray x2  
  128  8:07  Void Ray x2  
  136  8:17  Protoss Air Armor Level 2 (Chrono Boost)  
  136  8:45  Void Ray x3  
  148  9:34  Observer  
  149  10:24  Void Ray  
  149  11:23  Void Ray  
  149  11:37  Pylon  
  149  11:39  Pylon  
  149  11:41  Pylon  
  149  11:43  Pylon  
  149  11:46  Pylon  
  149  11:49  Pylon  
  149  11:52  Pylon  
  149  11:54  Void Ray x2  
  149  11:56  Void Ray x2  
  149  11:59  Void Ray, Pylon  
  149  12:00  Pylon  
  165  12:05  Void Ray  
  157  12:11  Observer  
  156  12:37  Void Ray x2  
  156  12:39  Void Ray x2  
  156  12:42  Void Ray  
  176  12:48  Void Ray  
Tags
 
Add a new tag
Caveats
  • Supply blocks, unpowered buildings, or Contaminate may cause inaccurate times.
  • Supply counts are checked every 10 seconds.